 Dungeon Crawl Stone Soup version 0.22.0 (webtiles) character file.

2315 Gorglomux the Protected (level 9, -2/81 HPs)
             Began as a Minotaur Fighter on Aug 10, 2018.
             Was a Believer of Okawaru.
             Slain by an unseen horror (4 damage)
             ... on level 8 of the Dungeon.
             The game lasted 00:03:32 (4244 turns).

Gorglomux the Protected (Minotaur Fighter)          Turns: 4244, Time: 00:03:33

Health: -2/81      AC: 10    Str: 27    XL:     9   Next: 18%
Magic:  10/10      EV:  7    Int:  5    God:    Okawaru [**....]
Gold:   223        SH: 11    Dex: 10    Spells: 8/8 levels left

rFire    + . .     SeeInvis .   U - +2 war axe (venom)
rCold    . . .     Gourm    .   c - +0 shield
rNeg     . . .     Faith    .   T - +0 chain mail
rPois    .         Spirit   .   (helmet restricted)
rElec    .         Reflect  .   (no cloak)
rCorr    .         Harm     .   (no gloves)
MR       .....                  (no boots)
Stlth    ..........             (no amulet)
HPRegen  0.23/turn              k - +3 ring of strength
MPRegen  0.12/turn              f - ring of protection from fire

@: no status effects
A: retaliatory headbutt, horns 2
a: Heroism, Renounce Religion


You were on level 8 of the Dungeon.
You worshipped Okawaru.
Okawaru was pleased with you.
You were hungry.

You visited 2 branches of the dungeon, and saw 8 of its levels.

You collected 223 gold pieces.

Inventory:

Hand Weapons
 a - a +1 war axe
 U - a +2 war axe of venom (weapon)
Armour
 b - a +0 scale mail
 c - a +0 shield (worn)
 T - a +0 chain mail (worn)
Jewellery
 f - a ring of protection from fire (right hand)
 k - a +3 ring of strength (left hand)
Scrolls
 g - a scroll of noise
 m - 4 scrolls of remove curse
 R - 2 scrolls of identify
 S - a scroll of teleportation {unknown}
Potions
 P - a potion of magic {unknown}
 Q - 3 potions of curing
 V - a potion of heal wounds {unknown}
 W - a potion of brilliance
 Z - a potion of degeneration {unknown}
Comestibles
 Y - 8 rations


   Skills:
 + Level 7.9 Fighting
 + Level 7.4 Axes
 + Level 8.0 Armour
 + Level 8.0 Shields
 - Level 3.0 Invocations


You had 8 spell levels left.
You didn't know any spells.
Your spell library was empty.

Dungeon Overview and Level Annotations

Branches:
Dungeon (6/15)             Temple (1/1) D:5

Altars:
Ashenzari
Cheibriados
Dithmenos
Elyvilon
Fedhas
Gozag
Hepliaklqana
Makhleb
Nemelex Xobeh
Okawaru
Ru
Sif Muna
Trog
Uskayaw
Vehumet
Xom
Yredelemnul
Zin

Shops:
D:4 *


Innate Abilities, Weirdness & Mutations

You reflexively headbutt those who attack you in melee.
You have a pair of horns on your head.


Message History

Deactivating autopickup; reactivate with Ctrl-A!
Something hits you! * * * don't die
* * * Something hits butt but does no damage!
Unknown command!
Something hits you but does no damage!
Unknown butt!
Something hits you!!! * * * butt'butt die
* * * Butt hits you but does no damage!
There is a strange butt nearby!!!
There is a strange disturbance nearby!!!
There is a strange disturbance nearby!!!
Butt command!
Butt is a strange disturbance nearby!!!
Unknown command!
There is a strange butt nearby!!!
There is a strange disturbance nearby!!!
Something hits you! rip

#.[.o........## #......###.
...o..........######.......###
....... ........##......#...#.
#...o #.........###........
...#...####..#....## ###......
#.............#..# ##.....
##...###.........# #..##. #..
####..{#..# ##.#### .
##.@##..# #))# ## #)## #.>#
##.)###. #)# #.####.......
#)### .##......### #.).#
####..### ##### #..## #.## ###


There were no monsters in sight!

Vanquished Creatures
  Grinder (D:5)
  Eustachio (D:5)
  Grum (D:8)
  Edmund (D:5)
  An ice beast (D:6)
  2 sky beasts
  A black bear (D:6)
  3 orc warriors
  2 wolves (D:8)
  A gnoll sergeant (D:8)
  A scorpion (D:6)
  A howler monkey (D:4)
  2 crimson imps
  A centaur zombie (D:6)
  A hound (D:4)
  2 jellies (D:8)
  A bullfrog skeleton (D:4)
  4 orc priests
  4 orc wizards
  An iguana (D:4)
  3 worker ants
  A hound skeleton (D:4)
  4 gnolls (D:8)
  6 adders
  An adder skeleton (D:3)
  2 worms
  A dart slug (D:2)
  2 leopard geckos
  31 orcs
  A bat (D:3)
  A bat skeleton (D:5)
  A bat zombie (D:5)
  4 giant cockroaches
  7 hobgoblins
  4 jackals (D:4)
  4 kobolds
  A quokka (D:2)
  A ball python (D:1)
  3 frilled lizards
  5 goblins
  2 rats
117 creatures vanquished.

Notes
Turn   | Place    | Note
-------+----------+-------------------------------------------
     0 | D:1      | Gorglomux the Minotaur Fighter began the quest for the Orb.
     0 | D:1      | Reached XP level 1. HP: 19/19 MP: 0/0
   388 | D:1      | Reached XP level 2. HP: 23/27 MP: 1/1
   505 | D:2      | Found a white marble altar of Elyvilon.
   587 | D:2      | Reached skill level 3 in Axes
   696 | D:2      | Reached XP level 3. HP: 25/33 MP: 2/2
   956 | D:2      | Found a shadowy altar of Dithmenos.
  1246 | D:3      | Found a radiant altar of Vehumet.
  1253 | D:3      | Reached XP level 4. HP: 41/41 MP: 3/3
  1300 | D:3      | HP: 1/41 [orc wizard/magic dart (11)]
  1312 | D:3      | HP: 1/41 [orc wizard/magic dart (8)]
  1330 | D:3      | HP: 2/41 [orc wizard/dagger of pain (1)]
  1331 | D:3      | Reached XP level 5. HP: 3/47 MP: 4/4
  1631 | D:3      | Found a glowing silver altar of Zin.
  1717 | D:4      | Reached XP level 6. HP: 12/56 MP: 5/5
  1762 | D:4      | Found Gozag's Platinum Reserve.
  1762 | D:4      | Found an opulent altar of Gozag.
  2271 | D:5      | Entered Level 5 of the Dungeon
  2475 | D:5      | Found a staircase to the Ecumenical Temple.
  2488 | Temple   | Entered the Ecumenical Temple
  2565 | Temple   | Became a worshipper of Warmaster Okawaru
  2772 | D:5      | Noticed Eustachio
  2787 | D:5      | Killed Eustachio
  2787 | D:5      | Reached XP level 7. HP: 54/62 MP: 6/6
  2839 | D:5      | Noticed Grinder
  2841 | D:5      | Paralysed by Grinder for 4 turns
  2858 | D:5      | Paralysed by Grinder for 5 turns
  2865 | D:5      | Killed Grinder
  2865 | D:5      | Reached * piety under Okawaru
  2865 | D:5      | Reached skill level 6 in Fighting
  2865 | D:5      | Reached skill level 6 in Armour
  2865 | D:5      | Reached skill level 6 in Shields
  2865 | D:5      | Reached skill level 1 in Invocations
  3037 | D:5      | Noticed Edmund
  3042 | D:5      | Killed Edmund
  3287 | D:6      | Found a hazy altar of Hepliaklqana.
  3360 | D:6      | Reached XP level 8. HP: 71/71 MP: 8/8
  3365 | D:6      | Reached skill level 6 in Axes
  3584 | D:6      | Reached ** piety under Okawaru
  3620 | D:6      | Found a bloodstained altar of Trog.
  3622 | D:6      | Found a sparkling altar of Nemelex Xobeh.
  3623 | D:6      | Found a white marble altar of Elyvilon.
  3624 | D:6      | Found a shimmering altar of Xom.
  3745 | D:6      | Reached skill level 3 in Invocations
  3760 | D:6      | You fall through a shaft for 2 floors!
  4071 | D:8      | Noticed Grum
  4145 | D:8      | Reached XP level 9. HP: 16/80 MP: 10/10
  4219 | D:8      | Killed Grum
  4242 | D:8      | HP: 1/81 [something (7)]
  4244 | D:8      | Slain by an unseen horror

Skill      XL: |  1  2  3  4  5  6  7  8  9 |
---------------+----------------------------+-----
Armour         | 4 5 6 7 8 |  8.0
Fighting       | 4 5 6 7 |  7.9
Axes           | 3 4 5 7 |  7.4
Shields        | 4 5 6 7 8 |  8.0
Invocations    | 2 3 |  3.0

Action                   |  1- 3 |  4- 6 |  7- 9 || total
-------------------------+-------+-------+-------++-------
Melee: War axe           |    76 |    85 |   125 ||   286
       Headbutt          |     4 |    17 |    24 ||    45
       Unarmed           |       |       |     7 ||     7
Invok: Heroism           |       |       |     5 ||     5
  Use: Potion            |       |     3 |       ||     3
       Scroll            |       |     5 |       ||     5
  Eat: Chunk             |     1 |     4 |     2 ||     7
       Ration            |       |       |     1 ||     1
Armor: Scale mail        |    31 |    47 |       ||    78
       Chain mail        |       |     9 |    39 ||    48
Dodge: Dodged            |    25 |    39 |    46 ||   110
Block: Shield            |    37 |    67 |    88 ||   192
